 Dungeon Crawl Stone Soup version 0.29-a0-275-g389c0b56f3 (webtiles) character file.

Game seed: 1491832115602497779

2113 drugrobin the Cleaver (level 8, 0/74 HPs)
             Began as a Demigod Fighter on Mar 9, 2022.
             Slain by a two-headed ogre
             ... wielding a +0 halberd
              (25 damage)
             ... in a bailey on Mar 10, 2022.
             The game lasted 00:19:13 (7505 turns).

drugrobin the Cleaver (Demigod Fighter)             Turns: 7505, Time: 00:19:14

Health: 0/74       AC: 13    Str: 25    XL:     8   Next: 81%
Magic:  19/19      EV: 10    Int: 10    God:
Gold:   168        SH:  0    Dex: 16    Spells: 7/7 levels left

rFire   . . .      SeeInvis .   a - +3 woodcutter's axe {vorpal}
rCold   . . .      Faith    .   (shield currently unavailable)
rNeg    . . .      Spirit   .   e - +1 scale mail
rPois   .          Reflect  .   q - +0 helmet
rElec   .          Harm     .   (no cloak)
rCorr   .          Rampage  .   u - +0 pair of gloves {Dex+3}
Will    .....                   l - +2 pair of boots
Stlth   ..........              (no amulet)
HPRegen 0.22/turn               r - ring of magical power
MPRegen 0.16/turn               (no ring)

@: invisible
A: high MP 1, forlorn, divine attributes
a: no special abilities


You were in a bailey.
You visited 1 branch of the dungeon, and saw 7 of its levels.
You also visited: Sewer and Bailey.

You collected 317 gold pieces.
You spent 149 gold pieces at shops.

Inventory:

Hand Weapons
 a - the +3 woodcutter's axe (weapon) {vorpal}
   (You took it off a gnoll sergeant on level 6 of the Dungeon)

   It inflicts extra damage upon your enemies.
 b - a +0 vorpal hunting sling
 c - a +2 flail of venom
 d - a +0 war axe of flaming
 x - a +3 mace
Armour
 e - a +1 scale mail (worn)
 l - a +2 pair of boots (worn)
 q - a +0 helmet (worn)
 u - a +0 pair of gloves of dexterity (worn)
 w - a +0 kite shield
 B - a +0 buckler
 C - the +1 ring mail "Biaqib Ucwe" {SInv}
   (You took it off a gnoll on level 6 of the Dungeon)

   SInv:      It lets you see invisible.
Jewellery
 r - a ring of magical power (left hand)
Wands
 p - a wand of polymorph (13)
 s - a wand of acid (2)
 E - a wand of mindburst (13)
Scrolls
 i - 2 scrolls of immolation
 n - 2 scrolls of fog
 v - a scroll of torment
 y - a scroll of fear
 z - a scroll of brand weapon
Potions
 f - a potion of curing
 g - a potion of resistance {unknown}
 h - a potion of flight
 j - a potion of invisibility
 k - 2 potions of lignification
 o - a potion of attraction {unknown}
 t - a potion of brilliance {unknown}
 A - a potion of berserk rage


   Skills:
 + Level 7.8 Fighting
 - Level 8.4 Axes
 - Level 2.6 Armour
 - Level 2.6 Shields


You had 7 spell levels left.
You didn't know any spells.
Your spell library contained the following spells:

 Spells                   Type           Power      Damage    Failure   Level
 Magic Dart               Conj           0%         1d3       65%         1
 Call Imp                 Summ           0%         N/A       80%         2
 Ignite Poison            Fire/Tmut/Pois 0%         N/A       95%         3
 Mephitic Cloud           Conj/Pois/Air  0%         N/A       95%         3
 Freezing Cloud           Conj/Ice/Air   0%         6-21      100%        5


Dungeon Overview and Level Annotations

Branches:
Dungeon (7/15)              Sewer (visited)          Bailey (1/1)
 Temple: D:4-7

Shops:
D:3 [

Annotations:
D:5 Menkaure
D:7 Pikel


Innate Abilities, Weirdness & Mutations

You have an increased reservoir of magic. (+10% MP)
You shall have no god before yourself.
Your divine heritage dramatically boosts your attributes as you level up.


Message History

You see here a +0 halberd.
The ogre looks more healthy.
You enter the shallow water.
Moving in this stuff is going to be slow.
Aiming: Corrosive Bolt
Press: ? - help, Shift-Dir - straight line, f/p - ogre
Aim: an ogre, wielding a +0 halberd (lightly wounded, 86% to hit)
The bolt of acid hits the two-headed ogre!
The acid corrodes the two-headed ogre!
The two-headed ogre is lightly wounded.
The bolt of acid hits the ogre!
The ogre is heavily wounded.
Unknown command.
Unknown command.
Unknown command.
Aiming: Polymorph
Press: ? - help, Shift-Dir - straight line, f - two-headed ogre, p - ogre
Aim: a two-headed ogre, wielding two +0 halberds (lightly wounded, covered in acid, will become a floating eye, a deep troll, or a manticore, chance to affect: 31%)
Okay, then.
Unknown command.
Unknown command.
You fade into invisibility!
The two-headed ogre closely misses you. x2
The ogre barely misses you.
The two-headed ogre hits you from afar with a +0 halberd! x2
* * * LOW HITPOINT WARNING * * *
Unknown command.
Unknown command.
Unknown command.
Unknown command.
Unknown command.
Unknown command.
You slash the ogre!
You kill the ogre!
You hear a splash.
Unknown command.
Unknown command.
You feel better.
The two-headed ogre hits you from afar with a +0 halberd!!
You die...

##...## #..
#.....# ##..#
##.....###..#
#...∩..≈≈≈..#
#......≈≈≈..♣
#......≈≈≈..#
#......≈≈≈..♣
#...∩..O≈≈..#
##...@.###.)##
#.....# ##..♣#
##...## ##..#♣
##.##
##..#######
### ##....).O.
##.......
########


You could see a two-headed ogre (can't see you, corroded).

Vanquished Creatures
  A spriggan (Bailey)
  A water moccasin (Sewer)
  3 black bears (D:4)
  2 ogres (Bailey)
  3 gnoll sergeants (D:6)
  A scorpion (D:6)
  A necrophage (D:5)
  5 wights (D:6)
  A hound (D:4)
  5 gnoll shamans
  5 orc priests
  3 iguanas
  3 orc wizards
  19 gnolls
  7 adders
  A shadow imp (D:6)
  2 ufetubi
  A worm (D:3)
  2 dart slugs
  15 orcs
  8 ball pythons
  8 endoplasms
  10 giant cockroaches
  6 goblins
  7 hobgoblins
  9 bats
  A frilled lizard (D:1)
  7 kobolds
  5 rats
142 creatures vanquished.

Notes
Turn   | Place    | Note
-------+----------+-------------------------------------------
     0 | D:1      | drugrobin the Demigod Fighter began the quest for the Orb.
     0 | D:1      | Reached XP level 1. HP: 18/18 MP: 3/3
   322 | D:1      | Reached skill level 2 in Axes
   547 | D:1      | Reached XP level 2. HP: 18/25 MP: 4/4
  1366 | D:2      | Reached XP level 3. HP: 30/31 MP: 5/5
  1405 | D:2      | Reached skill level 3 in Axes
  2378 | D:3      | You fall into a shaft and drop 2 floors!
  2378 | D:5      | Entered Level 5 of the Dungeon
  2378 | D:5      | Noticed a phantom
  2379 | D:5      | Noticed a wyvern
  2383 | D:5      | Noticed Menkaure
  2540 | D:4      | Reached XP level 4. HP: 22/38 MP: 6/6
  2544 | D:4      | Noticed a black bear
  2548 | D:4      | Reached skill level 4 in Axes
  2552 | D:4      | Killed a black bear
  2553 | D:4      | Reached XP level 5. HP: 27/46 MP: 7/7
  3027 | D:3      | Found Cigeskoamm's Armour Boutique.
  3036 | D:3      | Bought a +0 pair of gloves of dexterity for 149 gold pieces
  3256 | D:4      | Noticed a black bear
  3485 | D:4      | Reached skill level 5 in Axes
  3485 | D:4      | Reached XP level 6. HP: 51/52 MP: 8/8
  3997 | D:5      | Reached skill level 6 in Axes
  4021 | D:5      | Reached XP level 7. HP: 55/60 MP: 9/9
  4116 | D:5      | Reached skill level 5 in Fighting
  4712 | D:6      | Found a glowing drain.
  4729 | Sewer    | Entered a sewer
  4981 | D:6      | Reached skill level 7 in Axes
  5846 | D:6      | Reached XP level 8. HP: 66/70 MP: 10/10
  6396 | D:6      | Reached skill level 8 in Axes
  6890 | D:6      | Identified the +1 ring mail "Biaqib Ucwe" {SInv}
  7417 | D:7      | Found a flagged portal.
  7417 | D:7      | Noticed Pikel
  7430 | Bailey   | Entered a bailey
  7486 | Bailey   | Noticed a two-headed ogre
  7505 | Bailey   | Slain by a two-headed ogre

Illustrated notes

Levels and vault maps discovered:
D:1:      lemuel_arrival_lava_pool, layout_basic
D:2:      layout_loops_corners, hellmonk_ecumenical_altar_blasted
D:3:      layout_rooms, serial_shops, shop, minmay_misc_feat_pillars
D:4:      layout_cave_pools, ashenzari_conservatory_becter
D:5:      layout_basic, gammafunk_ghost_arena, uniq_menkaure
D:6:      layout_basic, nicolae_hepliaklqana_hippocampus, gup_sewer_entry_pipe,
          pf_guarded_unrand_woodcutter
D:7:      layout_layer_cave, minmay_temple_entry_glassed_door, enter_bailey_5,
          kennysheep_generic_room_11, uniq_pikel
Bailey:   bailey_polearm_enchanted_keep_hellmonk, bailey

Skill      XL: |  1  2  3  4  5  6  7  8 |
---------------+-------------------------+-----
Axes           | 2 3 4 5 6 7 8 |  8.4
Fighting       | 3 4 5 7 |  7.8
Armour         | |  2.6
Shields        | |  2.6

Action                   |  1- 3 |  4- 6 |  7- 9 || total
-------------------------+-------+-------+-------++-------
Melee: Mace              |   117 |    86 |   224 ||   427
       Battleaxe         |       |       |    37 ||    37
 Fire: Hunting sling     |     3 |       |     2 ||     5
Throw: Dart              |       |     6 |     5 ||    11
Evoke: Wand              |       |     1 |     6 ||     7
  Use: Scroll            |     2 |     5 |     5 ||    12
       Potion            |     1 |     1 |     2 ||     4
Armor: Scale mail        |    69 |    37 |   112 ||   218
Dodge: Dodged            |    54 |    28 |   131 ||   213
Block: Buckler           |    27 |    21 |    50 ||    98

Table legend: (Time is in decaauts)
 A = Elapsed time spent in this place.
 B = Non-inter-level travel time spent in this place.
 C = Inter-level travel time spent in this place.
 D = Time resting spent in this place.
 E = Time spent auto-exploring this place.
 F = Levels seen in this place.
 G = Mean time per level.
                   A        B        C        D        E       F      G
               +--------+--------+--------+--------+--------+-----+--------+
         Total |   7638 |   7362 |    276 |   1991 |   3286 |   9 |  848.7 |
       Dungeon |   7459 |   7183 |    276 |   1969 |   3286 |   7 | 1065.6 |
         Sewer |    101 |    101 |      0 |      0 |      0 |   1 |  101.0 |
        Bailey |     78 |     78 |      0 |     22 |      0 |   1 |   78.0 |
               +--------+--------+--------+--------+--------+-----+--------+

Top non-repeatable levels by time:
     D:6: 2300 daAuts
     D:4: 1375 daAuts
     D:2: 1213 daAuts
     D:1: 1207 daAuts
     D:5: 738 daAuts
     D:3: 585 daAuts
   Sewer: 101 daAuts
  Bailey: 78 daAuts
     D:7: 39 daAuts
